 Dungeon Crawl Stone Soup version bcrawl-1.32 (webtiles) character file.

Game seed: 3799116957003788635

205419 Morbidden the Sneak (level 7, 50/53 HPs)
             Began as a Demonspawn Archaeologist on June 27, 2021.
             Starved to death
             ... on level 4 of the Dungeon.
             The game lasted 00:04:41 (3559 turns).

Morbidden the Sneak (Demonspawn Archaeologist)      Turns: 3559, Time: 00:04:42

Health: 50/53      AC: 21    Str: 14    XL:     7   Next: 6%
Magic:  10/10      EV: -5    Int: 15    God:
Gold:   194        SH:  0    Dex: 11    Spells: 10/10 levels left

rFire    . . .     SeeInvis .   a - +1 eveningstar (crush)
rCold    . . .     Gourm    .   (no shield)
rNeg     . . .     Faith    .   K - +0 iron dragon scales
rPois    .         Spirit   +   d - +1 hat
rElec    .         Reflect  .   (no cloak)
rCorr    .         Harm     .   c - +0 pair of gloves
MR       .....                  j - +1 pair of boots
Stlth    ..........             n - amulet of guardian spirit
HPRegen  0.17/turn              y - +2 ring of slaying
MPRegen  0.12/turn              (no ring)

@: fainting
A: hooves 1, rugged brown scales 1
a: no special abilities


You were on level 4 of the Dungeon.
You were fainting.

You visited 1 branch of the dungeon, and saw 4 of its levels.

You collected 194 gold pieces.

Inventory:

Hand Weapons
 a - a +1 eveningstar of crushing (weapon)
 b - a +0 blowgun
Missiles
 f - 4 curare-tipped needles
 s - 428 sling bullets
 B - 106 poisoned tomahawks (quivered)
Armour
 c - a +0 pair of gloves (worn)
 d - a +1 hat (worn)
 j - a +1 pair of boots (worn)
 E - a +0 scale mail
 K - +0 iron dragon scales (worn)
Jewellery
 n - an amulet of guardian spirit (around neck)
 y - a +2 ring of slaying (left hand)
Wands
 h - a wand of flame (22)
 u - a wand of polymorph (10)
 w - a wand of acid (4)
Scrolls
 g - a scroll of magic mapping
 i - 2 scrolls of identify
 k - 3 scrolls of teleportation
 l - a scroll of remove curse
 o - a scroll of amnesia
 A - a scroll of blinking {unknown}
 F - a scroll of fear {unknown}
 J - a scroll of noise {unknown}
Potions
 m - 2 potions of haste {unknown}
 p - a potion of mutation {unknown}
 q - a potion of brilliance {unknown}
 r - a potion of degeneration {unknown}
 t - a potion of curing {unknown}
 v - 4 potions of heal wounds {unknown}
 x - a potion of agility {unknown}
 z - a potion of might {unknown}
 C - a potion of lignification {unknown}
 D - a potion of resistance {unknown}
 G - a potion of invisibility {unknown}
 H - a potion of flight {unknown}
 I - a potion of berserk rage {unknown}


   Skills:
 * Level 3.2 Fighting
   Level 1.7 Short Blades
 * Level 3.1 Maces & Flails
 + Level 3.8 Dodging
 + Level 4.2 Stealth
 * Level 2.4 Spellcasting


You had 10 spell levels left.
You didn't know any spells.
Your spell library was empty.

Dungeon Overview and Level Annotations

Branches:
Dungeon (4/12)
 Temple: D:4-7

Altars:
Dithmenos
Kikubaaqudgha
Nemelex Xobeh


Innate Abilities, Weirdness & Mutations

You have large cloven feet.
You are partially covered in rugged brown scales. (AC +1, +3% HP)


Message History

The hungry ghost hits you.
You feel somewhat more hungry. The hungry ghost hits you.
You are fainting from starvation!
Your iron dragon scales prevents you from hitting the hungry ghost.
The hungry ghost is lightly damaged.
The hungry ghost hits you.
You feel slightly more hungry.
You miss the hungry ghost.
The hungry ghost is lightly damaged.
The hungry ghost hits you.
You feel slightly more hungry.
Your iron dragon scales prevents you from hitting the hungry ghost.
The hungry ghost is lightly damaged.
The hungry ghost hits you.
You feel slightly more hungry. The hungry ghost hits you.
You feel slightly more hungry.
Your iron dragon scales prevents you from hitting the hungry ghost.
The hungry ghost is lightly damaged.
The hungry ghost hits you.
You feel slightly more hungry.
You miss the hungry ghost.
The hungry ghost is lightly damaged.
You have starved to death.
You die...

#..........#
###.########.#
....# #.# ##### #.#
#.# #### #.# ...#
#.# [#.###
#####.##### .# ..#
#........@#
.###.###.###.###W#
.#.#.#...# #.# #.#
.#.#.⌠.⌠.###.# #.#
.#...._......#....
.#...⌠.⌠.......#.[
.#.................
.#.#........#..#...
.......)....#


You could see a hungry ghost.

Vanquished Creatures
  Sigmund (D:2)
  A phantom (D:4)
  A bullfrog (D:3)
  A crimson imp (D:3)
  A jelly (D:3)
  An orc priest (D:3)
  Ijyb (D:3)
  5 adders
  5 dart slugs
  7 orcs
  A giant cockroach (D:2)
  4 goblins
  10 hobgoblins
  A jackal (D:1)
  5 kobolds
  2 quokkas
  3 bats
  4 frilled lizards
  4 rats
58 creatures vanquished.

Notes
Turn   | Place    | Note
-------+----------+-------------------------------------------
     0 | D:1      | Morbidden the Demonspawn Archaeologist began the quest for
                  | the Orb.
     0 | D:1      | Reached XP level 1. HP: 15/15 MP: 1/1
   457 | D:1      | Gained mutation: You have large cloven feet. [demonic
                  | ancestry]
   457 | D:1      | Reached XP level 2. HP: 21/21 MP: 2/2
  1337 | D:2      | Reached XP level 3. HP: 15/26 MP: 1/3
  1632 | D:2      | Found an ancient bone altar of Kikubaaqudgha.
  2126 | D:2      | Noticed Sigmund
  2136 | D:2      | Killed Sigmund
  2137 | D:2      | Reached skill level 1 in Short Blades
  2137 | D:2      | Reached skill level 4 in Stealth
  2137 | D:2      | Reached skill level 1 in Spellcasting
  2137 | D:2      | Reached XP level 4. HP: 34/34 MP: 4/6
  2137 | D:2      | Reached XP level 5. HP: 39/39 MP: 4/7
  2137 | D:2      | Identified a scroll of acquirement
  2142 | D:2      | Reached skill level 1 in Maces & Flails
  2360 | D:3      | Noticed Ijyb
  2366 | D:3      | Killed Ijyb
  2479 | D:3      | Reached XP level 6. HP: 31/46 MP: 5/9
  3318 | D:4      | Found a shadowy altar of Dithmenos.
  3328 | D:4      | Gained mutation: You are partially covered in rugged brown
                  | scales. (AC +1, +3% HP) [demonic ancestry]
  3328 | D:4      | Reached XP level 7. HP: 43/53 MP: 10/10
  3406 | D:4      | Found a sparkling altar of Nemelex Xobeh.
  3492 | D:4      | Noticed a hungry ghost
  3559 | D:4      | Starved to death

Skill      XL: |  1  2  3  4  5  6 |
---------------+-------------------+-----
Dodging        | 3 |  3.8
Fighting       | 2 3 |  3.2
Short Blades   | 1 |  1.7
Stealth        | 4 |  4.2
Spellcasting   | 1 2 |  2.4
Maces & Flails | 1 3 |  3.1

Action                   |  1- 3 |  4- 6 |  7- 9 || total
-------------------------+-------+-------+-------++-------
Melee: Whip              |    98 |       |       ||    98
       Short sword       |    69 |       |       ||    69
       Eveningstar       |       |    65 |    54 ||   119
 Fire: Blowgun           |     2 |       |       ||     2
  Use: Scroll            |     2 |     2 |     2 ||     6
 Stab: Sleeping          |     6 |     2 |       ||     8
  Eat: Chunk             |     9 |     6 |     1 ||    16
       Ration            |       |       |     7 ||     7
Armor: Robe              |    52 |    19 |       ||    71
       Scale mail        |       |     2 |       ||     2
       Iron dragon scale |       |       |    71 ||    71
Dodge: Dodged            |   113 |    50 |       ||   163
